Senators vs Rocket
Created - February 8, 2024 at 19:08
Goals
|
| Senators |
1 |
1 |
0 |
2 |
| Rocket |
1 |
1 |
1 |
3 |
|
Shots
|
| Senators |
17 |
10 |
9 |
36 |
| Rocket |
9 |
13 |
7 |
29 |
|
1st period
1. Senators , C.J Suess 15 (Jacob De La Rose 24, Nikita Nesterov 16) at 1:54
2. Rocket , Scott Wilson 20 (Chris Bigras 23, Jamie Phillips) at 18:10 (PP)
Penalties :
Carl Grundstrom (Bel) for Hooking (Minor) at 5:42, Mikhail Maltsev (Lav) for Tripping (Minor) at 6:06, Ryan Collins (Lav) for Tripping (Minor) at 11:45, Zachary Sanford (Bel) for Hooking (Minor) at 16:53
2nd period
3. Senators , Christoph Bertschy 29 (Zachary Sanford 42) at 6:07
4. Rocket , Peter Holland 16 (Brandon Pirri 24) at 6:20
Penalties :
Rasmus Sandin (Lav) for Hooking (Minor) at 2:45, Christoph Bertschy (Bel) for Holding (Minor) at 8:53, JC Lipon (Lav) for Holding Stick (Minor) at 12:50, Viktor Loov (Lav) for Roughing (Minor) at 19:39
3rd period
5. Rocket , Branden Troock 12 (Raphael Bussieres 8) at 10:05
Penalties :
Raphael Bussieres (Lav) for Tripping (Minor) at 12:43
Goalie Stats
David Rittich (Bel), 26 saves from 29 shots - (0.897), L, 18-17-2, 58:55 minutes
Jamie Phillips (Lav), 34 saves from 36 shots - (0.944), W, 11-11-4, 60:00 minutes
Players Stats for Senators
Player Name G A P +/- PIM S H SB GA TA FO MP PP MP PK MP
------------------------------------------------------------------------------------
Anton Karlsson 0 0 0 0 0 2 3 0 1 0 0/0 12:02 0:17 1:23
Arttu Ruotsalainen 0 0 0 0 0 1 0 0 0 0 0/2 6:11 0:00 0:00
C.J Suess 1 0 1 0 0 2 0 0 0 0 0/0 16:45 3:57 0:02
Carl Grundstrom 0 0 0 0 2 2 0 0 0 0 0/0 16:43 4:28 0:00
Christoph Bertschy 1 0 1 0 2 3 2 1 1 1 25/42 23:59 5:55 1:10
Grant Besse 0 0 0 0 0 0 0 0 0 1 0/0 10:42 0:20 0:00
Gustav Forsling 0 0 0 0 0 0 1 0 0 0 0/0 1:18 0:00 0:00
Jacob De La Rose 0 1 1 0 0 2 3 0 2 0 3/11 18:13 4:07 1:33
Jonas Siegenthaler 0 0 0 -1 0 1 1 1 0 0 0/0 11:27 0:00 0:00
Joonas Lyytinen 0 0 0 1 0 3 0 1 0 0 0/0 20:30 4:08 1:22
Jordan Schmaltz 0 0 0 0 0 1 1 2 2 1 0/0 28:03 6:11 2:18
Keegan Lowe 0 0 0 0 0 0 1 0 0 1 0/0 26:45 6:11 2:18
Kevin Rooney 0 0 0 0 0 4 0 0 2 0 2/8 12:39 0:33 1:31
Mason Appleton 0 0 0 0 0 1 0 0 0 0 0/0 20:49 5:25 0:00
Mason Geertsen 0 0 0 -1 0 2 1 1 0 1 0/0 11:27 0:00 0:00
Nikita Nesterov 0 1 1 1 0 3 0 0 0 2 0/0 20:30 4:08 1:22
Tomas Hyka 0 0 0 0 0 1 2 0 0 1 0/0 6:11 0:00 0:00
Vitaly Abramov 0 0 0 0 0 3 0 0 0 0 0/0 6:11 0:00 0:00
Zachary Sanford 0 1 1 0 2 5 1 1 2 1 1/2 24:17 5:55 1:41
Players Stats for Rocket
Player Name G A P +/- PIM S H SB GA TA FO MP PP MP PK MP
------------------------------------------------------------------------------------
Andrei Mironov 0 0 0 1 0 0 2 2 1 1 0/0 20:10 1:21 5:06
Branden Troock 1 0 1 1 0 2 0 0 0 0 0/0 8:34 0:00 0:00
Brandon Pirri 0 1 1 0 0 2 0 0 0 0 2/2 17:39 0:15 1:59
Chris Bigras 0 1 1 -1 0 0 0 2 0 0 0/0 14:36 1:21 4:07
Dean Kukan 0 0 0 0 0 1 0 1 1 1 0/0 23:45 2:19 5:48
Dominic Turgeon 0 0 0 0 0 0 1 1 0 0 10/17 18:21 0:00 5:32
Dylan DeMelo 0 0 0 0 0 0 0 1 0 0 0/0 9:12 0:00 0:37
Jack Glover 0 0 0 1 0 1 1 0 0 1 0/0 11:55 0:00 0:00
Jakob Lilja 0 0 0 -1 0 1 0 0 0 0 0/0 8:30 0:00 0:00
JC Lipon 0 0 0 -1 2 0 1 0 1 0 1/2 8:34 0:00 0:00
Karson Kuhlman 0 0 0 1 0 3 0 0 1 0 2/4 9:42 1:07 0:00
Luke Kunin 0 0 0 -1 0 1 2 0 0 0 2/9 15:20 2:39 3:16
Mikhail Maltsev 0 0 0 0 2 0 0 2 0 0 0/0 0:44 0:23 0:00
Peter Holland 1 0 1 0 0 8 0 1 0 1 14/26 17:13 0:58 1:20
Raphael Bussieres 0 1 1 1 2 1 0 2 1 0 0/0 8:39 0:00 0:00
Rasmus Sandin 0 0 0 -1 2 0 0 0 0 0 0/0 9:30 0:00 0:00
Ryan Collins 0 0 0 0 2 0 0 2 0 2 0/0 9:34 0:00 0:24
Scott Wilson 1 0 1 0 0 3 2 0 1 0 1/1 18:53 2:42 0:02
Sergey Tolchinsky 0 0 0 0 0 3 1 0 0 1 1/1 16:26 1:57 3:00
Troy Terry 0 0 0 0 0 3 0 0 3 0 0/2 11:24 0:00 0:00
Ty Rattie 0 0 0 0 0 0 0 0 0 0 1/1 7:49 0:58 5:29
Viktor Loov 0 0 0 0 2 0 2 0 0 3 0/0 21:30 2:19 4:36
3 Stars
1 - Jamie Phillips (Lav)
2 - Scott Wilson (Lav)
3 - Branden Troock (Lav)
Power Play
Senators - 0 on 6 Attempt(s) - 0.00%
Rocket - 1 on 3 Attempt(s) - 33.33%
Penalty Kill
Senators - 2 on 3 Attempt(s) - 66.67%
- Score 0 goal in Penalty Kill
Rocket - 6 on 6 Attempt(s) - 100.00%
- Score 0 goal in Penalty Kill
Team Stat
Senators - Hits : 16 - Faceoff Wins : 31 - Blocked Shots : 7 - Penalty Minutes : 6
Rocket - Hits : 12 - Faceoff Wins : 34 - Blocked Shots : 14 - Penalty Minutes : 12
Official
Referees : Jon McIsaac and Tom Chmielewski
Linesman : Ryan Gibbons and Ryan Galloway
Game Notes
Mikhail Maltsev is injured at 8:26 of 1st period (Abdominal Strain)
Finance
Level 1 -- Attendance: 1751 (87.55%) -- Ticket Income $122,570
Level 2 -- Attendance: 948 (94.80%) -- Ticket Income $37,920
Total Attendance: 2699 (89.97%)
Total Ticket Income: $160,490
Other Income: $8,024
Total Income: $168,514
Senators
5 vs 5 Forward
Center Left Wing Right Wing Time % Phy DF OF
1 Christoph Bertschy Zachary Sanford Mason Appleton 55 1 2 2
2 Jacob De La Rose C.J Suess Carl Grundstrom 25 1 2 2
3 Kevin Rooney Anton Karlsson Grant Besse 15 1 2 2
4 Arttu Ruotsalainen Vitaly Abramov Tomas Hyka 5 1 2 2
5 vs 5 Defense
Defense Defense Time % Phy DF OF
1 Jordan Schmaltz Keegan Lowe 55 1 2 2
2 Joonas Lyytinen Nikita Nesterov 25 1 2 2
3 Jonas Siegenthaler Mason Geertsen 15 1 2 2
4 Gustav Forsling Jordan Schmaltz 5 1 2 2
PowerPlay Forward
Center Left Wing Right Wing Time % Phy DF OF
1 Christoph Bertschy Zachary Sanford Mason Appleton 60 1 1 3
2 Jacob De La Rose C.J Suess Carl Grundstrom 40 1 1 3
PowerPlay Defense
Defense Defense Time % Phy DF OF
1 Jordan Schmaltz Keegan Lowe 60 1 1 3
2 Joonas Lyytinen Nikita Nesterov 40 1 1 3
Penalty Kill 4 Players Forward
Center Wing Time % Phy DF OF
1 Christoph Bertschy Zachary Sanford 60 1 3 1
2 Jacob De La Rose C.J Suess 40 1 3 1
Penalty Kill 4 Players Defense
Defense Defense Time % Phy DF OF
1 Jordan Schmaltz Keegan Lowe 60 1 3 1
2 Joonas Lyytinen Nikita Nesterov 40 1 3 1
Penalty Kill - 3 Players Forward
Forward Time % Phy DF OF
1 Christoph Bertschy 60 1 3 1
2 Jacob De La Rose 40 1 3 1
Penalty Kill - 3 Players Defense
Defense Defense Time % Phy DF OF
1 Jordan Schmaltz Keegan Lowe 60 1 3 1
2 Joonas Lyytinen Nikita Nesterov 40 1 3 1
4 vs 4 Forward
Center Wing Time % Phy DF OF
1 Christoph Bertschy Zachary Sanford 60 1 2 2
2 Jacob De La Rose C.J Suess 40 1 2 2
4 vs 4 Defense
Defense Defense Time % Phy DF OF
1 Jordan Schmaltz Keegan Lowe 60 1 2 2
2 Joonas Lyytinen Nikita Nesterov 40 1 2 2
Last Minutes Offensive
Center Left Wing Right Wing Defense Defense
Christoph Bertschy Zachary Sanford Mason Appleton Jordan Schmaltz Keegan Lowe
Last Minutes Defensive
Center Left Wing Right Wing Defense Defense
Christoph Bertschy Zachary Sanford Mason Appleton Jordan Schmaltz Keegan Lowe
Goaltenders
Starting : David Rittich
Backup : Arvid Soderblom
Extra Forwards
Normal : Kevin Rooney, Mason Appleton, Carl Grundstrom - PP : Kevin Rooney, Mason Appleton - PK : Kevin Rooney
Extra Defensemen
Normal : Jonas Siegenthaler, Mason Geertsen, Gustav Forsling - PP : Jonas Siegenthaler - PK : Jonas Siegenthaler, Mason Geertsen
Penalty Shots
Zachary Sanford, Christoph Bertschy, Jacob De La Rose, C.J Suess, Kevin Rooney
Custom OT Lines Forwards
Zachary Sanford, Christoph Bertschy, Jacob De La Rose, C.J Suess, Kevin Rooney, Mason Appleton, Carl Grundstrom, Grant Besse, Anton Karlsson, Tomas Hyka
Custom OT Lines Defensemen
Jordan Schmaltz, Keegan Lowe, Joonas Lyytinen, Nikita Nesterov, Jonas Siegenthaler
Scratches
Brendan Perlini (Back Spasms Injury), David Kase (Healthy), Akil Thomas (Healthy), Ivan Morozov (Healthy), Martin Fehervary (Healthy)
Alec Regula (Healthy), Cliff Pu (Healthy), Bryce Kindopp (Healthy), Olivier Rodrigue (Healthy), Olle Eriksson Ek (Healthy)
Rocket
5 vs 5 Forward
Center Left Wing Right Wing Time % Phy DF OF
1 Peter Holland Brandon Pirri Scott Wilson 40 0 2 3
2 Dominic Turgeon Sergey Tolchinsky Troy Terry 30 0 2 3
3 Luke Kunin Jakob Lilja JC Lipon 20 0 2 3
4 Karson Kuhlman Raphael Bussieres Branden Troock 10 0 2 3
5 vs 5 Defense
Defense Defense Time % Phy DF OF
1 Dean Kukan Viktor Loov 30 1 2 2
2 Jack Glover Andrei Mironov 30 1 2 2
3 Rasmus Sandin Chris Bigras 20 1 2 2
4 Ryan Collins Dylan DeMelo 20 1 2 2
PowerPlay Forward
Center Left Wing Right Wing Time % Phy DF OF
1 Luke Kunin Mikhail Maltsev Scott Wilson 60 1 2 2
2 Peter Holland Sergey Tolchinsky Ty Rattie 40 1 2 2
PowerPlay Defense
Defense Defense Time % Phy DF OF
1 Dean Kukan Viktor Loov 60 1 2 2
2 Chris Bigras Andrei Mironov 40 1 2 2
Penalty Kill 4 Players Forward
Center Wing Time % Phy DF OF
1 Dominic Turgeon Ty Rattie 60 1 2 2
2 Luke Kunin Mikhail Maltsev 40 1 2 2
Penalty Kill 4 Players Defense
Defense Defense Time % Phy DF OF
1 Dean Kukan Viktor Loov 60 1 2 2
2 Chris Bigras Andrei Mironov 40 1 2 2
Penalty Kill - 3 Players Forward
Forward Time % Phy DF OF
1 Dominic Turgeon 60 1 2 2
2 Peter Holland 40 1 2 2
Penalty Kill - 3 Players Defense
Defense Defense Time % Phy DF OF
1 Dean Kukan Viktor Loov 60 1 2 2
2 Chris Bigras Andrei Mironov 40 1 2 2
4 vs 4 Forward
Center Wing Time % Phy DF OF
1 Luke Kunin Scott Wilson 60 1 2 2
2 Peter Holland Ty Rattie 40 1 2 2
4 vs 4 Defense
Defense Defense Time % Phy DF OF
1 Dean Kukan Rasmus Sandin 60 1 2 2
2 Ryan Collins Andrei Mironov 40 1 2 2
Last Minutes Offensive
Center Left Wing Right Wing Defense Defense
Dominic Turgeon Brandon Pirri Scott Wilson Chris Bigras Viktor Loov
Last Minutes Defensive
Center Left Wing Right Wing Defense Defense
Dominic Turgeon Brandon Pirri Scott Wilson Dean Kukan Viktor Loov
Goaltenders
Starting : Jamie Phillips
Backup : Eamon McAdam
Extra Forwards
Normal : Sergey Tolchinsky, Karson Kuhlman, Ty Rattie - PP : Sergey Tolchinsky, Karson Kuhlman - PK : Sergey Tolchinsky
Extra Defensemen
Normal : Andrei Mironov, Dylan DeMelo, Jack Glover - PP : Andrei Mironov - PK : Andrei Mironov, Dylan DeMelo
Penalty Shots
Brandon Pirri, Scott Wilson, Dominic Turgeon, Peter Holland, Sergey Tolchinsky
Custom OT Lines Forwards
Brandon Pirri, Scott Wilson, Dominic Turgeon, Peter Holland, Sergey Tolchinsky, Karson Kuhlman, Ty Rattie, Jakob Lilja, Raphael Bussieres, JC Lipon
Custom OT Lines Defensemen
Dean Kukan, Viktor Loov, Chris Bigras, Andrei Mironov, Dylan DeMelo
Scratches
Damien Giroux (Healthy), Reese Johnson (Healthy), Jake Pivonka (Healthy), Francis Perron (Healthy), Taylor Leier (Healthy)
MacKenzie Entwistle (Healthy), Zack MacEwen (Healthy), Niklas Nordgren (Healthy), Alexis Gravel (Healthy), Connor Ingram (Healthy)
% Time on Ice - Senators
Lines # - Real PCT - Wanted PCT - Time Play
Normal Forward
1 - 34% - 55% - 14:44
2 - 28% - 25% - 11:55
3 - 24% - 15% - 10:22
4 - 14% - 5% - 6:11
Normal Defense
1 - 37% - 55% - 16:09
2 - 33% - 25% - 14:18
3 - 27% - 15% - 11:27
4 - 3% - 5% - 1:18
PP Forward
1 - 60% - 60% - 6:12
2 - 40% - 40% - 4:07
PP Defense
1 - 60% - 60% - 6:11
2 - 40% - 40% - 4:08
PK Forward
1 - 100% - 60% - 3:40
2 - 0% - 40% - 0:00
PK Defense
1 - 63% - 60% - 2:18
2 - 37% - 40% - 1:22
PK3 Forward
1 - 0% - 60%
2 - 0% - 40%
PK3 Defense
1 - 0% - 60%
2 - 0% - 40%
44 Forward
1 - 60% - 60% - 0:57
2 - 40% - 40% - 0:38
44 Defense
1 - 56% - 60% - 0:53
2 - 44% - 40% - 0:42
Last Minute Offensive - 1:14
Last Minute Defensive - 0:00
Total
Forward - 60:00
Defense - 60:00
|
% Time on Ice - Rocket
Lines # - Real PCT - Wanted PCT - Time Play
Normal Forward
1 - 34% - 40% - 14:47
2 - 27% - 30% - 11:38
3 - 20% - 20% - 8:30
4 - 20% - 10% - 8:34
Normal Defense
1 - 33% - 30% - 14:22
2 - 29% - 30% - 12:27
3 - 19% - 20% - 8:15
4 - 19% - 20% - 8:25
PP Forward
1 - 74% - 60% - 2:42
2 - 26% - 40% - 0:58
PP Defense
1 - 63% - 60% - 2:19
2 - 37% - 40% - 1:21
PK Forward
1 - 69% - 60% - 7:05
2 - 31% - 40% - 3:14
PK Defense
1 - 60% - 60% - 6:10
2 - 40% - 40% - 4:09
PK3 Forward
1 - 0% - 60%
2 - 0% - 40%
PK3 Defense
1 - 0% - 60%
2 - 0% - 40%
44 Forward
1 - 61% - 60% - 0:58
2 - 39% - 40% - 0:37
44 Defense
1 - 75% - 60% - 1:11
2 - 25% - 40% - 0:24
Last Minute Offensive - 0:00
Last Minute Defensive - 0:57
Total
Forward - 60:00
Defense - 60:00
|
Play-by-Play
1st period
0:01 of 1st period - Christoph Bertschy wins face-off versus Peter Holland in neutral zone.
0:57 of 1st period - Wrist shot by Kevin Rooney.
0:57 of 1st period - Stopped by Jamie Phillips without a rebound.
0:58 of 1st period - Zachary Sanford wins face-off versus Karson Kuhlman in Rocket zone.
1:54 of 1st period - Snap shot by C.J Suess.
1:54 of 1st period - Goal by C.J Suess - Senators : 1 - Rocket : 0.
1:55 of 1st period - Christoph Bertschy wins face-off versus Dominic Turgeon in neutral zone.
2:04 of 1st period - Christoph Bertschy is hit by Sergey Tolchinsky and loses puck.
2:30 of 1st period - Wrist shot by Scott Wilson.
2:30 of 1st period - Stopped by David Rittich with a rebound.
2:52 of 1st period - Slapshot by Vitaly Abramov.
2:52 of 1st period - Stopped by Jamie Phillips with a rebound.
2:54 of 1st period - Wrist shot by Arttu Ruotsalainen.
2:54 of 1st period - Shot Hit the Post.
2:56 of 1st period - Wrist shot by Joonas Lyytinen.
2:56 of 1st period - Shot Blocked by Dylan DeMelo.
2:58 of 1st period - Slapshot by Nikita Nesterov.
2:58 of 1st period - Stopped by Jamie Phillips without a rebound.
2:59 of 1st period - Dominic Turgeon wins face-off versus Christoph Bertschy in Rocket zone.
3:47 of 1st period - Wrist shot by Kevin Rooney.
3:47 of 1st period - Stopped by Jamie Phillips without a rebound.
3:48 of 1st period - Karson Kuhlman wins face-off versus Kevin Rooney in Rocket zone.
3:57 of 1st period - Wrist shot by Karson Kuhlman.
3:57 of 1st period - Stopped by David Rittich with a rebound.
4:11 of 1st period - Snap shot by Kevin Rooney.
4:11 of 1st period - Shot Misses the Net.
4:21 of 1st period - Wrist shot by Kevin Rooney.
4:21 of 1st period - Stopped by Jamie Phillips with a rebound.
4:23 of 1st period - Slapshot by Nikita Nesterov.
4:23 of 1st period - Stopped by Jamie Phillips without a rebound.
4:24 of 1st period - Christoph Bertschy wins face-off versus Peter Holland in Rocket zone.
4:27 of 1st period - Snap shot by Zachary Sanford.
4:27 of 1st period - Stopped by Jamie Phillips without a rebound.
4:28 of 1st period - Christoph Bertschy wins face-off versus Peter Holland in Rocket zone.
4:45 of 1st period - Off-side.
4:46 of 1st period - Dominic Turgeon wins face-off versus Jacob De La Rose in neutral zone.
5:02 of 1st period - Wrist shot by Troy Terry.
5:02 of 1st period - Stopped by David Rittich without a rebound.
5:03 of 1st period - Peter Holland wins face-off versus Christoph Bertschy in Senators zone.
5:10 of 1st period - Snap shot by Peter Holland.
5:10 of 1st period - Stopped by David Rittich without a rebound.
5:11 of 1st period - Peter Holland wins face-off versus Christoph Bertschy in Senators zone.
5:24 of 1st period - Wrist shot by Zachary Sanford.
5:24 of 1st period - Shot Blocked by Peter Holland.
5:26 of 1st period - Slapshot by Jordan Schmaltz.
5:26 of 1st period - Stopped by Jamie Phillips without a rebound.
5:27 of 1st period - Dominic Turgeon wins face-off versus Jacob De La Rose in Rocket zone.
5:27 of 1st period - Dominic Turgeon is hit by Keegan Lowe.
5:42 of 1st period - Minor Penalty to Carl Grundstrom for Hooking.
5:43 of 1st period - Christoph Bertschy wins face-off versus Luke Kunin in Senators zone.
5:43 of 1st period - Christoph Bertschy is hit by Viktor Loov.
5:51 of 1st period - Icing by Dean Kukan.
5:52 of 1st period - Christoph Bertschy wins face-off versus Luke Kunin in Rocket zone.
6:06 of 1st period - Minor Penalty to Mikhail Maltsev for Tripping.
6:07 of 1st period - Christoph Bertschy wins face-off versus Luke Kunin in Rocket zone.
6:45 of 1st period - Wrist shot by Peter Holland.
6:45 of 1st period - Shot Misses the Net.
6:47 of 1st period - Slapshot by Dean Kukan.
6:47 of 1st period - Deflect By Peter Holland.
6:47 of 1st period - Stopped by David Rittich without a rebound.
6:48 of 1st period - Christoph Bertschy wins face-off versus Luke Kunin in Senators zone.
7:03 of 1st period - Jordan Schmaltz is hit by Luke Kunin and loses puck.
7:13 of 1st period - Icing by Andrei Mironov.
7:14 of 1st period - Jacob De La Rose wins face-off versus Peter Holland in Rocket zone.
7:39 of 1st period - Dean Kukan is hit by Christoph Bertschy and loses puck.
7:42 of 1st period - Penalty to Carl Grundstrom is over, Carl Grundstrom is back on ice.
8:06 of 1st period - Penalty to Mikhail Maltsev is over, Mikhail Maltsev is back on ice.
8:06 of 1st period - Snap shot by Zachary Sanford.
8:06 of 1st period - Shot Blocked by Andrei Mironov.
8:18 of 1st period - Snap shot by Christoph Bertschy.
8:18 of 1st period - Shot Misses the Net.
8:20 of 1st period - Wrist shot by Zachary Sanford.
8:20 of 1st period - Shot Blocked by Ryan Collins.
8:22 of 1st period - Slapshot by Zachary Sanford.
8:22 of 1st period - Shot Blocked by Dominic Turgeon.
8:24 of 1st period - Slapshot by Joonas Lyytinen.
8:24 of 1st period - Shot Blocked by Mikhail Maltsev.
8:26 of 1st period - Wrist shot by Christoph Bertschy.
8:26 of 1st period - Shot Blocked by Mikhail Maltsev.
8:26 of 1st period - Mikhail Maltsev from Rocket is injured at 8:26 of 1st period (Abdominal Strain).
8:27 of 1st period - Sergey Tolchinsky wins face-off versus Christoph Bertschy in Rocket zone.
8:42 of 1st period - Slapshot by Zachary Sanford.
8:42 of 1st period - Stopped by Jamie Phillips with a rebound.
8:54 of 1st period - Troy Terry is hit by Anton Karlsson.
9:04 of 1st period - Slapshot by Anton Karlsson.
9:04 of 1st period - Shot Misses the Net.
9:26 of 1st period - Slapshot by C.J Suess.
9:26 of 1st period - Shot Misses the Net.
9:52 of 1st period - JC Lipon is hit by Jonas Siegenthaler and loses puck.
10:11 of 1st period - Backhand shot by Karson Kuhlman.
10:11 of 1st period - Stopped by David Rittich without a rebound.
10:12 of 1st period - Peter Holland wins face-off versus Christoph Bertschy in Senators zone.
10:25 of 1st period - Snap shot by Peter Holland.
10:25 of 1st period - Shot Misses the Net.
10:41 of 1st period - Icing by Jordan Schmaltz.
10:42 of 1st period - Luke Kunin wins face-off versus Jacob De La Rose in Senators zone.
11:16 of 1st period - Wrist shot by Jacob De La Rose.
11:16 of 1st period - Stopped by Jamie Phillips with a rebound.
11:18 of 1st period - Slapshot by Keegan Lowe.
11:18 of 1st period - Deflect By Carl Grundstrom.
11:18 of 1st period - Stopped by Jamie Phillips with a rebound.
11:20 of 1st period - Backhand shot by Carl Grundstrom.
11:20 of 1st period - Shot Misses the Net.
11:22 of 1st period - Slapshot by Jordan Schmaltz.
11:22 of 1st period - Deflect By Jacob De La Rose.
11:22 of 1st period - Stopped by Jamie Phillips with a rebound.
11:24 of 1st period - Slapshot by Jacob De La Rose.
11:24 of 1st period - Deflect By Andrei Mironov.
11:24 of 1st period - Shot Misses the Net.
11:24 of 1st period - Puck is out of play.
11:25 of 1st period - Christoph Bertschy wins face-off versus Peter Holland in Rocket zone.
11:34 of 1st period - Snap shot by Christoph Bertschy.
11:34 of 1st period - Shot Blocked by Chris Bigras.
11:40 of 1st period - Snap shot by Zachary Sanford.
11:40 of 1st period - Shot Misses the Net.
11:42 of 1st period - Snap shot by Christoph Bertschy.
11:42 of 1st period - Stopped by Jamie Phillips without a rebound.
11:43 of 1st period - Dominic Turgeon wins face-off versus Christoph Bertschy in Rocket zone.
11:45 of 1st period - Minor Penalty to Ryan Collins for Tripping.
11:46 of 1st period - Christoph Bertschy wins face-off versus Dominic Turgeon in Rocket zone.
13:07 of 1st period - Joonas Lyytinen is hit by Luke Kunin.
13:45 of 1st period - Penalty to Ryan Collins is over, Ryan Collins is back on ice.
13:58 of 1st period - Snap shot by Luke Kunin.
13:58 of 1st period - Shot Blocked by Mason Geertsen.
14:36 of 1st period - Slapshot by Peter Holland.
14:36 of 1st period - Stopped by David Rittich with a rebound.
15:09 of 1st period - Off-side.
15:10 of 1st period - Christoph Bertschy wins face-off versus JC Lipon in neutral zone.
15:57 of 1st period - Wrist shot by Kevin Rooney.
15:57 of 1st period - Shot Blocked by Chris Bigras.
15:59 of 1st period - Slapshot by Mason Geertsen.
15:59 of 1st period - Stopped by Jamie Phillips with a rebound.
16:01 of 1st period - Wrist shot by Anton Karlsson.
16:01 of 1st period - Shot Misses the Net.
16:17 of 1st period - Slapshot by Keegan Lowe.
16:17 of 1st period - Deflect By Arttu Ruotsalainen.
16:17 of 1st period - Shot Misses the Net.
16:17 of 1st period - Puck is out of play.
16:18 of 1st period - Karson Kuhlman wins face-off versus Arttu Ruotsalainen in Rocket zone.
16:31 of 1st period - Wrist shot by Branden Troock.
16:31 of 1st period - Stopped by David Rittich without a rebound.
16:32 of 1st period - Christoph Bertschy wins face-off versus Peter Holland in Senators zone.
16:39 of 1st period - Wrist shot by Scott Wilson.
16:39 of 1st period - Shot Hit the Post.
16:41 of 1st period - Snap shot by Scott Wilson.
16:41 of 1st period - Shot Misses the Net.
16:47 of 1st period - Snap shot by Peter Holland.
16:47 of 1st period - Shot Misses the Net.
16:53 of 1st period - Minor Penalty to Zachary Sanford for Hooking.
16:54 of 1st period - Christoph Bertschy wins face-off versus Luke Kunin in Senators zone.
18:10 of 1st period - Snap shot by Scott Wilson.
18:10 of 1st period - Goal by Scott Wilson - Senators : 1 - Rocket : 1.
18:11 of 1st period - Christoph Bertschy wins face-off versus Troy Terry in neutral zone.
18:16 of 1st period - Snap shot by Mason Appleton.
18:16 of 1st period - Stopped by Jamie Phillips with a rebound.
18:18 of 1st period - Wrist shot by Christoph Bertschy.
18:18 of 1st period - Shot Blocked by Dean Kukan.
18:20 of 1st period - Wrist shot by Christoph Bertschy.
18:20 of 1st period - Shot Misses the Net.
18:36 of 1st period - Keegan Lowe is hit by Viktor Loov and loses puck.
18:43 of 1st period - Peter Holland is hit by Jacob De La Rose and loses puck.
18:56 of 1st period - Slapshot by Jakob Lilja.
18:56 of 1st period - Shot Misses the Net.
19:46 of 1st period - Slapshot by Anton Karlsson.
19:46 of 1st period - Stopped by Jamie Phillips without a rebound.
19:47 of 1st period - Brandon Pirri wins face-off versus Christoph Bertschy in Rocket zone.
Goals for this period are 1 for Senators vs 1 for Rocket.
Shots for this period are 17 for Senators vs 9 for Rocket.
2nd period
0:01 of 2nd period - Peter Holland wins face-off versus Christoph Bertschy in neutral zone.
0:14 of 2nd period - Slapshot by Scott Wilson.
0:14 of 2nd period - Shot Misses the Net.
0:16 of 2nd period - Slapshot by Peter Holland.
0:16 of 2nd period - Stopped by David Rittich with a rebound.
0:51 of 2nd period - Snap shot by Luke Kunin.
0:51 of 2nd period - Shot Misses the Net.
1:13 of 2nd period - Joonas Lyytinen is hit by Andrei Mironov and loses puck.
1:20 of 2nd period - Andrei Mironov is hit by Tomas Hyka and loses puck.
1:39 of 2nd period - Wrist shot by Karson Kuhlman.
1:39 of 2nd period - Shot Blocked by Jonas Siegenthaler.
2:22 of 2nd period - Wrist shot by Kevin Rooney.
2:22 of 2nd period - Stopped by Jamie Phillips without a rebound.
2:23 of 2nd period - Christoph Bertschy wins face-off versus Peter Holland in Rocket zone.
2:26 of 2nd period - Backhand shot by Christoph Bertschy.
2:26 of 2nd period - Shot Misses the Net.
2:36 of 2nd period - Wrist shot by Christoph Bertschy.
2:36 of 2nd period - Shot Misses the Net.
2:38 of 2nd period - Snap shot by Zachary Sanford.
2:38 of 2nd period - Stopped by Jamie Phillips without a rebound.
2:39 of 2nd period - Christoph Bertschy wins face-off versus Dominic Turgeon in Rocket zone.
2:45 of 2nd period - Minor Penalty to Rasmus Sandin for Hooking.
2:46 of 2nd period - Dominic Turgeon wins face-off versus Christoph Bertschy in Rocket zone.
3:17 of 2nd period - Snap shot by Jacob De La Rose.
3:17 of 2nd period - Shot Misses the Net.
4:45 of 2nd period - Penalty to Rasmus Sandin is over, Rasmus Sandin is back on ice.
4:59 of 2nd period - Wrist shot by Raphael Bussieres.
4:59 of 2nd period - Stopped by David Rittich with a rebound.
5:01 of 2nd period - Wrist shot by Karson Kuhlman.
5:01 of 2nd period - Stopped by David Rittich without a rebound.
5:02 of 2nd period - Peter Holland wins face-off versus Kevin Rooney in Senators zone.
5:03 of 2nd period - Wrist shot by Brandon Pirri.
5:03 of 2nd period - Deflect By Peter Holland.
5:03 of 2nd period - Stopped by David Rittich without a rebound.
5:04 of 2nd period - Peter Holland wins face-off versus Kevin Rooney in Senators zone.
5:29 of 2nd period - Dominic Turgeon is hit by Zachary Sanford.
5:35 of 2nd period - Wrist shot by Mason Appleton.
5:35 of 2nd period - Shot Misses the Net.
5:37 of 2nd period - Snap shot by Mason Geertsen.
5:37 of 2nd period - Shot Misses the Net.
5:39 of 2nd period - Slapshot by Christoph Bertschy.
5:39 of 2nd period - Shot Blocked by Ryan Collins.
5:54 of 2nd period - Ryan Collins is hit by Mason Geertsen and loses puck.
6:01 of 2nd period - Snap shot by Tomas Hyka.
6:01 of 2nd period - Stopped by Jamie Phillips without a rebound.
6:02 of 2nd period - Christoph Bertschy wins face-off versus Peter Holland in Rocket zone.
6:07 of 2nd period - Wrist shot by Christoph Bertschy.
6:07 of 2nd period - Goal by Christoph Bertschy - Senators : 2 - Rocket : 1.
6:08 of 2nd period - Scott Wilson wins face-off versus Christoph Bertschy in neutral zone.
6:10 of 2nd period - Off-side.
6:11 of 2nd period - Peter Holland wins face-off versus Christoph Bertschy in neutral zone.
6:20 of 2nd period - Backhand shot by Peter Holland.
6:20 of 2nd period - Goal by Peter Holland - Senators : 2 - Rocket : 2.
6:21 of 2nd period - Peter Holland wins face-off versus Christoph Bertschy in neutral zone.
6:30 of 2nd period - Snap shot by Peter Holland.
6:30 of 2nd period - Stopped by David Rittich without a rebound.
6:31 of 2nd period - Christoph Bertschy wins face-off versus Peter Holland in Senators zone.
6:50 of 2nd period - Wrist shot by Scott Wilson.
6:50 of 2nd period - Stopped by David Rittich with a rebound.
6:52 of 2nd period - Snap shot by Scott Wilson.
6:52 of 2nd period - Shot Misses the Net.
6:54 of 2nd period - Wrist shot by Scott Wilson.
6:54 of 2nd period - Shot Blocked by Christoph Bertschy.
6:56 of 2nd period - Slapshot by Jack Glover.
6:56 of 2nd period - Stopped by David Rittich without a rebound.
6:57 of 2nd period - Jacob De La Rose wins face-off versus Dominic Turgeon in Senators zone.
7:27 of 2nd period - Snap shot by Jakob Lilja.
7:27 of 2nd period - Stopped by David Rittich without a rebound.
7:28 of 2nd period - Christoph Bertschy wins face-off versus Peter Holland in Senators zone.
7:55 of 2nd period - Troy Terry is hit by Jacob De La Rose and loses puck.
7:59 of 2nd period - Icing by Troy Terry.
8:00 of 2nd period - Christoph Bertschy wins face-off versus Dominic Turgeon in Rocket zone.
8:37 of 2nd period - Chris Bigras is hit by Jacob De La Rose and loses puck.
8:48 of 2nd period - Snap shot by Sergey Tolchinsky.
8:48 of 2nd period - Stopped by David Rittich with a rebound.
8:50 of 2nd period - Wrist shot by Chris Bigras.
8:50 of 2nd period - Deflect By Troy Terry.
8:50 of 2nd period - Shot Misses the Net.
8:50 of 2nd period - Puck is out of play.
8:51 of 2nd period - Christoph Bertschy wins face-off versus Peter Holland in Senators zone.
8:53 of 2nd period - Minor Penalty to Christoph Bertschy for Holding.
8:54 of 2nd period - Kevin Rooney wins face-off versus Luke Kunin in Senators zone.
9:02 of 2nd period - Snap shot by Dean Kukan.
9:02 of 2nd period - Deflect By Luke Kunin.
9:02 of 2nd period - Shot Blocked by Jordan Schmaltz.
9:02 of 2nd period - Puck is out of play.
9:03 of 2nd period - Kevin Rooney wins face-off versus Luke Kunin in Senators zone.
9:47 of 2nd period - Snap shot by Sergey Tolchinsky.
9:47 of 2nd period - Stopped by David Rittich without a rebound.
9:48 of 2nd period - Peter Holland wins face-off versus Kevin Rooney in Senators zone.
9:49 of 2nd period - Snap shot by Sergey Tolchinsky.
9:49 of 2nd period - Shot Misses the Net.
10:09 of 2nd period - Wrist shot by Peter Holland.
10:09 of 2nd period - Shot Misses the Net.
10:53 of 2nd period - Penalty to Christoph Bertschy is over, Christoph Bertschy is back on ice.
11:01 of 2nd period - Slapshot by Karson Kuhlman.
11:01 of 2nd period - Shot Blocked by Joonas Lyytinen.
11:13 of 2nd period - Wrist shot by Arttu Ruotsalainen.
11:13 of 2nd period - Stopped by Jamie Phillips with a rebound.
11:15 of 2nd period - Slapshot by Joonas Lyytinen.
11:15 of 2nd period - Shot Misses the Net.
11:17 of 2nd period - Slapshot by Nikita Nesterov.
11:17 of 2nd period - Stopped by Jamie Phillips with a rebound.
11:30 of 2nd period - Off-side.
11:31 of 2nd period - Christoph Bertschy wins face-off versus Troy Terry in neutral zone.
12:27 of 2nd period - Snap shot by C.J Suess.
12:27 of 2nd period - Shot Misses the Net.
12:31 of 2nd period - Wrist shot by C.J Suess.
12:31 of 2nd period - Stopped by Jamie Phillips with a rebound.
12:50 of 2nd period - Minor Penalty to JC Lipon for Holding Stick.
12:51 of 2nd period - Christoph Bertschy wins face-off versus Dominic Turgeon in Rocket zone.
14:50 of 2nd period - Penalty to JC Lipon is over, JC Lipon is back on ice.
16:00 of 2nd period - Snap shot by Luke Kunin.
16:00 of 2nd period - Stopped by David Rittich without a rebound.
16:01 of 2nd period - JC Lipon wins face-off versus Kevin Rooney in Senators zone.
16:55 of 2nd period - Sergey Tolchinsky is hit by Christoph Bertschy and loses puck.
17:08 of 2nd period - Snap shot by Raphael Bussieres.
17:08 of 2nd period - Shot Blocked by Jordan Schmaltz.
18:08 of 2nd period - Zachary Sanford is hit by Dominic Turgeon.
18:17 of 2nd period - Snap shot by Troy Terry.
18:17 of 2nd period - Stopped by David Rittich with a rebound.
18:53 of 2nd period - Snap shot by Vitaly Abramov.
18:53 of 2nd period - Shot Blocked by Raphael Bussieres.
18:57 of 2nd period - Slapshot by Vitaly Abramov.
18:57 of 2nd period - Stopped by Jamie Phillips without a rebound.
18:58 of 2nd period - Peter Holland wins face-off versus Jacob De La Rose in Rocket zone.
19:25 of 2nd period - Dominic Turgeon is hit by Anton Karlsson and loses puck.
19:39 of 2nd period - Minor Penalty to Viktor Loov for Roughing.
19:40 of 2nd period - Ty Rattie wins face-off versus Christoph Bertschy in Rocket zone.
19:52 of 2nd period - Snap shot by Christoph Bertschy.
19:52 of 2nd period - Stopped by Jamie Phillips with a rebound.
19:54 of 2nd period - Slapshot by Joonas Lyytinen.
19:54 of 2nd period - Stopped by Jamie Phillips without a rebound.
19:55 of 2nd period - Christoph Bertschy wins face-off versus Dominic Turgeon in Rocket zone.
Goals for this period are 1 for Senators vs 1 for Rocket.
Shots for this period are 10 for Senators vs 13 for Rocket.
3rd period
0:01 of 3rd period - Dominic Turgeon wins face-off versus Christoph Bertschy in neutral zone.
0:14 of 3rd period - Snap shot by Zachary Sanford.
0:14 of 3rd period - Shot Misses the Net.
0:16 of 3rd period - Wrist shot by Christoph Bertschy.
0:16 of 3rd period - Shot Blocked by Andrei Mironov.
0:28 of 3rd period - Jacob De La Rose is hit by Andrei Mironov and loses puck.
1:39 of 3rd period - Penalty to Viktor Loov is over, Viktor Loov is back on ice.
2:11 of 3rd period - Chris Bigras is hit by Tomas Hyka and loses puck.
2:18 of 3rd period - Slapshot by Brandon Pirri.
2:18 of 3rd period - Stopped by David Rittich with a rebound.
2:20 of 3rd period - Snap shot by Brandon Pirri.
2:20 of 3rd period - Stopped by David Rittich without a rebound.
2:21 of 3rd period - Dominic Turgeon wins face-off versus Jacob De La Rose in Senators zone.
4:06 of 3rd period - Icing by C.J Suess.
4:07 of 3rd period - Peter Holland wins face-off versus Jacob De La Rose in Senators zone.
5:46 of 3rd period - Snap shot by Anton Karlsson.
5:46 of 3rd period - Stopped by Jamie Phillips without a rebound.
5:47 of 3rd period - Brandon Pirri wins face-off versus Zachary Sanford in Rocket zone.
5:58 of 3rd period - Snap shot by Brandon Pirri.
5:58 of 3rd period - Shot Misses the Net.
6:42 of 3rd period - Wrist shot by Vitaly Abramov.
6:42 of 3rd period - Stopped by Jamie Phillips with a rebound.
6:44 of 3rd period - Slapshot by Jordan Schmaltz.
6:44 of 3rd period - Shot Misses the Net.
7:58 of 3rd period - Dylan DeMelo is hit by Gustav Forsling and loses puck.
8:13 of 3rd period - Jakob Lilja is hit by Anton Karlsson and loses puck.
8:34 of 3rd period - Snap shot by C.J Suess.
8:34 of 3rd period - Shot Misses the Net.
8:36 of 3rd period - Wrist shot by Jacob De La Rose.
8:36 of 3rd period - Shot Misses the Net.
9:51 of 3rd period - Slapshot by Dean Kukan.
9:51 of 3rd period - Deflect By C.J Suess.
9:51 of 3rd period - Stopped by David Rittich without a rebound.
9:52 of 3rd period - Jacob De La Rose wins face-off versus Karson Kuhlman in Senators zone.
10:03 of 3rd period - Wrist shot by Raphael Bussieres.
10:03 of 3rd period - Shot Misses the Net.
10:05 of 3rd period - Wrist shot by Branden Troock.
10:05 of 3rd period - Goal by Branden Troock - Senators : 2 - Rocket : 3.
10:06 of 3rd period - Peter Holland wins face-off versus Christoph Bertschy in neutral zone.
10:09 of 3rd period - Keegan Lowe is hit by Scott Wilson and loses puck.
10:43 of 3rd period - Wrist shot by Christoph Bertschy.
10:43 of 3rd period - Shot Misses the Net.
10:45 of 3rd period - Snap shot by Zachary Sanford.
10:45 of 3rd period - Shot Misses the Net.
10:47 of 3rd period - Slapshot by Mason Geertsen.
10:47 of 3rd period - Stopped by Jamie Phillips with a rebound.
10:49 of 3rd period - Snap shot by Jonas Siegenthaler.
10:49 of 3rd period - Stopped by Jamie Phillips with a rebound.
10:51 of 3rd period - Wrist shot by Jonas Siegenthaler.
10:51 of 3rd period - Shot Misses the Net.
10:53 of 3rd period - Slapshot by Mason Geertsen.
10:53 of 3rd period - Shot Misses the Net.
10:59 of 3rd period - Snap shot by Zachary Sanford.
10:59 of 3rd period - Shot Misses the Net.
11:01 of 3rd period - Slapshot by Joonas Lyytinen.
11:01 of 3rd period - Stopped by Jamie Phillips without a rebound.
11:02 of 3rd period - Peter Holland wins face-off versus Jacob De La Rose in Rocket zone.
11:47 of 3rd period - Slapshot by Sergey Tolchinsky.
11:47 of 3rd period - Stopped by David Rittich with a rebound.
11:57 of 3rd period - Karson Kuhlman is hit by Jordan Schmaltz and loses puck.
12:43 of 3rd period - Minor Penalty to Raphael Bussieres for Tripping.
12:44 of 3rd period - Dominic Turgeon wins face-off versus Christoph Bertschy in Rocket zone.
14:43 of 3rd period - Penalty to Raphael Bussieres is over, Raphael Bussieres is back on ice.
15:10 of 3rd period - Off-side.
15:11 of 3rd period - Peter Holland wins face-off versus Arttu Ruotsalainen in neutral zone.
15:36 of 3rd period - Mason Geertsen is hit by JC Lipon.
16:00 of 3rd period - Slapshot by Dylan DeMelo.
16:00 of 3rd period - Shot Blocked by Zachary Sanford.
16:02 of 3rd period - Slapshot by Sergey Tolchinsky.
16:02 of 3rd period - Shot Misses the Net.
16:22 of 3rd period - Slapshot by Carl Grundstrom.
16:22 of 3rd period - Stopped by Jamie Phillips with a rebound.
16:24 of 3rd period - Slapshot by Joonas Lyytinen.
16:24 of 3rd period - Stopped by Jamie Phillips with a rebound.
16:26 of 3rd period - Backhand shot by Nikita Nesterov.
16:26 of 3rd period - Shot Blocked by Raphael Bussieres.
16:38 of 3rd period - Arttu Ruotsalainen is hit by Jack Glover and loses puck.
16:44 of 3rd period - Off-side.
16:45 of 3rd period - Christoph Bertschy wins face-off versus Peter Holland in neutral zone.
16:50 of 3rd period - Snap shot by Zachary Sanford.
16:50 of 3rd period - Stopped by Jamie Phillips with a rebound.
17:04 of 3rd period - Snap shot by Peter Holland.
17:04 of 3rd period - Stopped by David Rittich without a rebound.
17:05 of 3rd period - Luke Kunin wins face-off versus Jacob De La Rose in Senators zone.
17:30 of 3rd period - Keegan Lowe is hit by Scott Wilson and loses puck.
17:55 of 3rd period - Icing by Joonas Lyytinen.
17:56 of 3rd period - Dominic Turgeon wins face-off versus Kevin Rooney in Senators zone.
18:11 of 3rd period - Wrist shot by Troy Terry.
18:11 of 3rd period - Stopped by David Rittich with a rebound.
18:55 of 3rd period - Senators, David Rittich is pulled from the net.
19:15 of 3rd period - Slapshot by Zachary Sanford.
19:15 of 3rd period - Shot Misses the Net.
19:45 of 3rd period - Snap shot by Zachary Sanford.
19:45 of 3rd period - Stopped by Jamie Phillips with a rebound.
19:47 of 3rd period - Snap shot by Jordan Schmaltz.
19:47 of 3rd period - Shot Misses the Net.
19:49 of 3rd period - Slapshot by Mason Appleton.
19:49 of 3rd period - Deflect By Scott Wilson.
19:49 of 3rd period - Shot Misses the Net.
19:49 of 3rd period - Puck is out of play.
19:50 of 3rd period - Mario Lemieux call a timeout for Senators.
19:50 of 3rd period - Dominic Turgeon wins face-off versus Christoph Bertschy in Rocket zone.
Goals for this period are 0 for Senators vs 1 for Rocket.
Shots for this period are 9 for Senators vs 7 for Rocket.